 Dungeon Crawl Stone Soup version 0.23-b1-75-g379dba2534 (webtiles) character file.

Game seed: 2801112456438885892

202957 GordonOverkill the Devastator (level 17, -16/136 HPs)
             Began as a Mummy Conjurer on Feb 5, 2019.
             Was an Initiate of Gozag.
             Demolished by a wolf spider (21 damage)
             ... on level 2 of the Spider Nest on Feb 6, 2019.
             The game lasted 02:53:05 (59899 turns).

GordonOverkill the Devastator (Mummy Conjurer)     Turns: 59899, Time: 02:53:05

Health: -16/136    AC: 23    Str: 12    XL:     17   Next: 96%
Magic:  26/33      EV: 16    Int: 19    God:    Gozag
Gold:   3727       SH:  0    Dex: 14    Spells: 14/40 levels left

rFire    + . .     SeeInvis .   a - +2 scimitar (elec)
rCold    + + +     Gourm    .   L - +1 buckler {AC+3}
rNeg     + + +     Faith    .   J - +6 leather armour "Gexil" {+Inv rC+ Slay+2}
rPois    ∞         Spirit   .   M - +1 helmet "Kidu" {rPois Slay+2}
rElec    .         Reflect  .   B - scarf {rC+ rF+}
rCorr    .         Harm     .   v - +2 pair of gloves
MR       ++...                  N - +1 pair of boots {run}
Stlth    +.........             k - amulet of regeneration
HPRegen  0.72/turn              z - ring of protection from fire
MPRegen  0.23/turn              r - +3 ring of protection

@: confused, very slightly contaminated, studying Summonings, quick
A: no food or potions, fire vulnerability, cold resistance 1, negative energy
resistance 3, torment resistance, unbreathing, in touch with death 1
}: 1/15 runes: decaying
a: Potion Petition, Call Merchant, Bribe Branch, Renounce Religion, Evoke
Invisibility


You were on level 2 of the Spider Nest.
You worshipped Gozag.
Gozag was most pleased with you.
You were not hungry.

You visited 8 branches of the dungeon, and saw 33 of its levels.
You visited the Abyss 1 time.
You also visited: Ossuary and Volcano.

You collected 13870 gold pieces.
You spent 5771 gold pieces at shops.
You paid 4372 gold pieces to Gozag.

Inventory:

Hand Weapons
 a - a +2 scimitar of electrocution (weapon)
 b - a +2 dagger of electrocution
 j - a +1 dagger of venom
 p - a +0 trident
Missiles
 e - 39 tomahawks (quivered)
 o - 4 throwing nets
 C - 3 tomahawks of returning
Armour
 v - a +2 pair of gloves (worn)
 B - a scarf of resistance (worn)
 J - the +6 leather armour "Gexil" (worn) {+Inv rC+ Slay+2}
   (You bought it in a shop on level 14 of the Dungeon)

   It affects your accuracy and damage with ranged weapons and melee attacks
   (+2).
   It protects you from cold.
   It lets you turn invisible.
 L - a +1 buckler of protection (worn)
 M - the +1 helmet "Kidu" (worn) {rPois Slay+2}
   (You bought it in a shop on level 14 of the Dungeon)

   It affects your accuracy and damage with ranged weapons and melee attacks
   (+2).
   It protects you from poison.
 N - a +1 pair of boots of running (worn)
Magical Staves
 P - an uncursed staff of power
Jewellery
 c - a +4 ring of evasion
 k - an amulet of regeneration (around neck)
 r - a +3 ring of protection (right hand)
 t - an uncursed ring of magical power
 u - an uncursed ring of resist corrosion
 z - a ring of protection from fire (left hand)
 H - a +2 amulet of reflection
Wands
 d - a wand of acid (2)
 f - a wand of enslavement (9)
 s - a wand of iceblast (20)
 w - a wand of polymorph (31)
 E - a wand of flame (60)
Scrolls
 g - 22 scrolls of remove curse
 h - 3 scrolls of immolation
 i - 7 scrolls of identify
 l - 5 scrolls of enchant weapon
 m - 5 scrolls of teleportation
 n - 2 scrolls of fog
 x - 4 scrolls of amnesia
 y - a scroll of silence
 G - a scroll of magic mapping
 K - a scroll of torment
 Q - a scroll of brand weapon
Books
 q - a manual of Summonings
Miscellaneous
 A - a crystal ball of energy
 D - a phial of floods
 F - a lamp of fire
 I - a lightning rod (4/4)


   Skills:
 - Level 13.0 Fighting
 - Level 7.0 Armour
 - Level 7.0 Dodging
 - Level 1.5 Stealth
 - Level 4.0 Shields
 - Level 12.0 Spellcasting
 - Level 16.0 Conjurations
 - Level 7.0 Hexes
 + Level 12.7 Summonings
 - Level 2.0 Translocations
 - Level 8.0 Evocations


You had 14 spell levels left.
You knew the following spells:

 Your Spells              Type           Power        Failure   Level  Hunger
a - Magic Dart            Conj           ####         0%          1    N/A
b - Searing Ray           Conj           ######       0%          2    N/A
c - Dazzling Spray        Conj/Hex       ######       1%          3    N/A
d - Summon Mana Viper     Hex/Summ       #####...     3%          5    N/A
e - Apportation           Tloc           ###...       3%          1    N/A
f - Orb of Destruction    Conj           ######....   9%          7    N/A
g - Spellforged Servitor  Conj/Summ      ######....   17%         7    N/A

Your spell library contained the following spells:

 Spells                   Type           Power        Failure   Level  Hunger
 Confusing Touch          Hex            #####.       1%          1    N/A
 Summon Small Mammal      Summ           ####         1%          1    N/A
 Force Lance              Conj/Tloc      #####...     1%          4    N/A
 Fulminant Prism          Conj/Hex       ######....   1%          4    N/A
 Iskenderun's Mystic Bla  Conj           ######..     1%          4    N/A
 Animate Skeleton         Necr           N/A          8%          1    N/A
 Pain                     Necr           ###.         8%          1    N/A
 Irradiate                Conj/Tmut      #####.....   8%          5    N/A
 Iskenderun's Battlesphe  Conj/Chrm      #####...     8%          5    N/A
 Venom Bolt               Conj/Pois      #####.....   8%          5    N/A
 Sticks to Snakes         Tmut           ##......     11%         2    N/A
 Vampiric Draining        Necr           ###.......   22%         3    N/A
 Bolt of Magma            Conj/Fire/Erth ####......   22%         5    N/A
 Bolt of Cold             Conj/Ice       #####.....   38%         6    N/A
 Iron Shot                Conj/Erth      #####.....   38%         6    N/A
 Metabolic Englaciation   Hex/Ice        ###.......   43%         5    N/A
 Silence                  Hex/Air        ###.......   43%         5    N/A
 Darkness                 Hex            #####.....   54%         6    N/A
 Animate Dead             Necr           N/A          58%         4    N/A
 Freezing Cloud           Conj/Ice/Air   ####......   77%         6    N/A
 Ozocubu's Refrigeration  Ice            ##........   100%        6    N/A
 Simulacrum               Ice/Necr       ###.......   100%        6    N/A
 Beastly Appendage        Tmut           Unusable     N/A         1    N/A
 Regeneration             Chrm/Necr      Unusable     N/A         3    N/A
 Spider Form              Tmut/Pois      Unusable     N/A         3    N/A
 Ice Form                 Ice/Tmut       Unusable     N/A         4    N/A
 Blade Hands              Tmut           Unusable     N/A         5    N/A
 Hydra Form               Tmut           Unusable     N/A         6    N/A
 Statue Form              Tmut/Erth      Unusable     N/A         6    N/A
 Dragon Form              Tmut           Unusable     N/A         7    N/A

Dungeon Overview and Level Annotations

Branches:
Dungeon (15/15)            Temple (1/1) D:7            Lair (6/6) D:10
  Swamp (4/4) Lair:2       Spider (2/4) Lair:4        Slime (0/5) Lair:6
    Orc (2/2) D:11            Elf (2/3) Orc:2        Vaults (1/5) D:13
 Depths (0/5) D:15

Altars:
Ashenzari
Cheibriados
Dithmenos
Elyvilon
Fedhas
Gozag
Hepliaklqana
Kikubaaqudgha
Makhleb
Nemelex Xobeh
Okawaru
Qazlal
Ru
Sif Muna
Trog
Uskayaw
Vehumet
Wu Jian
Xom
Yredelemnul
Zin
The Shining One
Beogh

Shops:
D:7 (   D:9 }   D:12 (   D:14 %[((}   Orc:2 *([*   Elf:1 :=*   Vaults:1 !

Annotations:
D:5 Grinder
Swamp:3 1 runed translucent door, reggie's ghost, journeyman DrWz


Innate Abilities, Weirdness & Mutations

You do not eat or drink.
Your flesh is vulnerable to fire.
You are immune to poison.
Your flesh is cold resistant. (rC+)
You are immune to negative energy. (rN+++)
You are immune to unholy pain and torment.
You can survive without breathing.
You are in touch with the powers of death.


Message History

* * * LOW HITPOINT WARNING * * *
Are you sure you want to stumble around while confused and next to your mana viper?
Your mana viper bites the wolf spider!
You see here 23 gold pieces.
You bump into the rock wall.
Your mana viper disappears in a puff of smoke!
The wolf spider barely misses you.
The wolf spider bites you but does no damage.
The wolf spider completely misses you. The wolf spider misses you.
There are monsters nearby!
Unknown command.
Unknown command.
Unknown command.
Unknown command.
Unknown command.
You hit the wolf spider but do no damage.
The wolf spider is heavily wounded.
The wolf spider hits you!!
You die...
Your body crumbles into a pile of gold.

#..##..$.$..##.
#.##...#s$.##..^# #. $
#^.^...$<#.# ..#..
##.###$S##.###...#.#
..#.s^.^^...... ..#.
#.....######.$##..#..
.###.###.<#..$$......ss ###
....#^#^..##s§#####..#s##s.#
......##...@$## ...wss:$SS#
#.#.......s##...# #{<#
###.#)..##......... #^#$#
#..##....###... .. #.# #..
#####.. ###. ... ...# ...#
.. ... #... ..... .#..#
....# #.# ..... ##.#. .#
##....


You could see an emperor scorpion and a wolf spider.

Vanquished Creatures
  Rupert (D:13)
  A deep elf sorcerer (Orc:2)
  A revenant (Abyss:3)
  A frost giant (D:15)
  An ironheart preserver (Vaults:1)
  A deep elf demonologist (Vaults:1)
  2 deep elf annihilators
  An ettin (D:11)
  2 vault guards (D:13)
  2 catoblepae
  Harold (D:10)
  8 hydras
  A death knight (D:12)
  5 two-headed ogres
  6 death yaks (Lair:6)
  A centaur warrior (D:15)
  A deep troll shaman (Vaults:1)
  2 alligators
  Nergalle (Lair:1)
  7 deep elf knights
  An unseen horror (D:10)
  A hell knight (D:11)
  A spriggan druid (Swamp:3)
  A deep troll (Vaults:1)
  4 swamp dragons
  3 deep elf archers (Elf:1)
  3 wizards
  An orc knight (Vaults:1)
  A statue (Abyss:4)
  An orb spider (Spider:1)
  19 deep elf magi
  6 wolf spiders
  9 ugly things
  2 manticores
  A moth of wrath (Spider:2)
  A cyclops (D:12)
  5 elephants
  4 black mambas
  A vault sentinel (Vaults:1)
  Joseph (D:8)
  A smoke demon (Abyss:3)
  2 toenail golems (Volcano)
  13 spiny frogs
  An eye of devastation (Abyss:3)
  10 rime drakes
  An efreet (D:15)
  6 komodo dragons
  3 yaktaurs
  2 demonic crawlers (Spider:2)
  7 trolls
  2 ancient zymes
  A meliai (D:13)
  5 jumping spiders
  A polar bear (Lair:2)
  A sphinx simulacrum (Vaults:1)
  7 tyrant leeches
  6 hornets
  A raiju (Abyss:3)
  6 dream sheep
  12 blink frogs
  6 slime creatures
  5 bog bodies
  A fire giant simulacrum (Abyss:3)
  11 hippogriffs
  16 redbacks
  An air elemental (Elf:2)
  A water elemental (Elf:1)
  A shadow (D:13)
  5 tarantellas
  2 spriggans
  2 wraiths
  35 yaks
  7 wyverns
  5 basilisks
  A hungry ghost (D:9)
  8 vampire mosquitoes
  8 swamp worms
  A small abomination (Abyss:3)
  An insubstantial wisp (Swamp:2)
  9 water moccasins
  A hell hound (Lair:4)
  A soldier ant (shapeshifter) (Vaults:1)
  Duvessa (D:7)
  3 soldier ants
  11 porcupines
  7 sky beasts
  6 swamp drakes
  3 black bears
  3 ice beasts
  21 orc warriors
  5 phantoms
  2 eyes of draining
  6 necrophages
  A boggart (Vaults:1)
  28 wolves
  11 ogres
  2 centaurs
  2 big kobolds
  10 crocodiles
  14 bullfrogs
  A gnoll sergeant (D:7)
  3 water moccasin zombies (Ossuary)
  Dowan (D:7)
  6 scorpions
  9 killer bees
  An electric eel (D:11)
  12 wights
  4 howler monkeys
  4 crimson imps
  3 quasits
  2 centaur zombies
  2 bullfrog zombies
  9 hounds
  5 centaur skeletons
  4 jellies
  A bullfrog skeleton (D:6)
  15 iguanas
  17 orc priests
  30 orc wizards
  16 worker ants
  A big kobold zombie (Ossuary)
  2 hound skeletons
  2 mummies (Ossuary)
  A howler monkey skeleton (D:4)
  3 gnolls (D:7)
  13 adders
  7 adder zombies
  2 worm zombies (D:7)
  An adder skeleton (D:4)
  8 worms
  A dart slug (D:1)
  5 leopard geckos
  93 orcs
  6 ball pythons
  5 bats
  6 giant cockroaches
  4 gnoll zombies
  14 goblins
  11 hobgoblins
  15 jackals
  9 quokkas
  6 frilled lizards
  11 hobgoblin zombies (Ossuary)
  7 kobolds
  4 orc zombies (Ossuary)
  3 quokka skeletons (D:4)
  9 rats
  A rat zombie (D:7)
  A plant (Lair:2)
860 creatures vanquished.

Vanquished Creatures (collateral kills)
  Nikola (Swamp:3)
  A tentacled starspawn (Abyss:3)
  2 thorn hunters (Swamp:3)
  A tengu reaver (D:15)
  A vault warden (Vaults:1)
  Louise (Spider:1)
  A deep elf sorcerer (Vaults:1)
  A ghost moth (Spider:1)
  An orc warlord (Orc:2)
  4 ironheart preservers
  A cacodemon (Abyss:4)
  2 very ugly things
  3 stone giants
  A deep elf annihilator (Vaults:1)
  Snorg (Orc:1)
  2 deep elf death magi
  3 jiangshi (Abyss:3)
  The ghost of ialwaysloseit the Eclecticist, a journeyman DECj of Vehumet (Orc:2)
  2 yaktaur captains (Vaults:1)
  A fire dragon (Vaults:1)
  12 hydras
  A great orb of eyes (Vaults:1)
  An ogre mage (Vaults:1)
  2 shambling mangroves (Swamp:4)
  3 vault guards
  2 ghost crabs
  2 death knights
  7 centaur warriors
  3 catoblepae (Lair:6)
  7 alligators
  13 dancing weapons
  4 two-headed ogres
  A vampire mage (Abyss:3)
  A thrashing horror (Abyss:4)
  An orc high priest (Orc:2)
  7 deep elf knights
  A hell knight (D:15)
  A skeletal warrior (Vaults:1)
  A spatial maelstrom (Abyss:3)
  A deep troll (Vaults:1)
  2 unseen horrors (D:15)
  A flayed ghost (Vaults:1)
  6 deep elf archers
  6 swamp dragons
  An ironbrand convoker (D:13)
  A phantasmal warrior (Vaults:1)
  6 wizards
  3 orc knights
  4 orc sorcerers
  5 orb spiders (Spider:1)
  34 deep elf magi
  16 ugly things
  A mana viper (Abyss:3)
  10 wolf spiders
  A worldbinder (Abyss:3)
  4 cyclopes
  3 toenail golems (Volcano)
  A moth of wrath (Spider:2)
  A manticore (Lair:6)
  Maurice (Orc:1)
  2 spiny frogs
  An orange demon (Abyss:4)
  A gargoyle (D:12)
  4 centaur skeletons
  4 smoke demons
  A torpor snail (Spider:2)
  5 yaktaurs
  2 rime drakes (Lair:6)
  2 efreet
  6 demonic crawlers
  A tengu conjurer (D:13)
  9 jumping spiders
  2 meliai (D:13)
  2 trolls (D:15)
  3 hornets
  7 tyrant leeches
  7 slime creatures
  9 bog bodies
  A hippogriff (D:15)
  2 air elementals (Elf:1)
  2 shadows
  A spriggan (Swamp:3)
  9 tarantellas
  15 redbacks
  4 wyverns
  11 yaks
  A ynoxinul (Abyss:3)
  A neqoxec (Abyss:3)
  A hungry ghost (D:14)
  A fire elemental (Elf:1)
  A human (D:13)
  3 swamp worms
  14 vampire mosquitoes
  5 insubstantial wisps (Swamp:2)
  4 wargs
  A hornet zombie (D:15)
  6 swamp drakes
  18 orc warriors
  2 sky beasts
  An ice beast (D:14)
  4 boggarts (Vaults:1)
  10 centaurs
  8 ogres
  3 earth elementals (Elf:1)
  A troll zombie (Abyss:3)
  5 wights (D:12)
  A crimson imp (D:12)
  7 orc priests
  4 jellies
  A hound (D:12)
  12 orc wizards
  2 bullfrog skeletons
  A worker ant (D:12)
  23 orcs
463 creatures vanquished.

Vanquished Creatures (others)
  A deep elf annihilator (Orc:2)
  8 dancing weapons
  A spriggan druid (Swamp:4)
  An ironbrand convoker (Vaults:1)
  A mana viper (shapeshifter) (Elf:1)
  3 deep elf magi (Elf:1)
  A jumping spider (Spider:1)
  A boggart (D:11)
  4 fungi
  2 starspawn tentacles (Abyss:3)
  7 withered plants (Swamp:3)
30 creatures vanquished.

Grand Total: 1353 creatures vanquished

Notes
Turn   | Place    | Note
-------+----------+-------------------------------------------
     0 | D:1      | GordonOverkill the Mummy Conjurer began the quest for the
                  | Orb.
     0 | D:1      | Reached XP level 1. HP: 13/13 MP: 4/4
   394 | D:1      | Reached XP level 2. HP: 20/20 MP: 2/5
  1187 | D:2      | Reached skill level 1 in Fighting
  1187 | D:2      | Reached XP level 3. HP: 26/26 MP: 2/7
  1923 | D:2      | Found a blossoming altar of Fedhas.
  2084 | D:2      | Reached XP level 4. HP: 32/32 MP: 3/9
  2264 | D:2      | Found a hazy altar of Hepliaklqana.
  2412 | D:2      | Found a shattered altar of Ashenzari.
  3252 | D:3      | Learned a level 2 spell: Searing Ray
  3256 | D:3      | Learned a level 3 spell: Dazzling Spray
  3266 | D:3      | Reached skill level 4 in Conjurations
  3266 | D:3      | Reached XP level 5. HP: 36/38 MP: 5/11
  3807 | D:3      | Found a basalt altar of Yredelemnul.
  4179 | D:3      | Found a radiant altar of Vehumet.
  4555 | D:4      | Reached XP level 6. HP: 44/47 MP: 3/13
  4760 | D:4      | Reached skill level 5 in Spellcasting
  5340 | D:4      | Reached skill level 5 in Conjurations
  5346 | D:4      | Reached XP level 7. HP: 45/54 MP: 4/14
  5499 | D:4      | Got a transparent whip
  5500 | D:4      | Identified the cursed +0 whip of Extremism {flame, Int+2}
                  | (You found it on level 4 of the Dungeon)
  5875 | D:5      | Entered Level 5 of the Dungeon
  5875 | D:5      | Noticed Grinder
  6295 | D:5      | Reached skill level 6 in Conjurations
  6977 | D:5      | Found a snail-covered altar of Cheibriados.
  7065 | D:6      | Reached skill level 7 in Conjurations
  7065 | D:6      | Reached XP level 8. HP: 33/60 MP: 8/15
  7757 | D:6      | Reached skill level 8 in Conjurations
  8305 | D:7      | Found a staircase to the Ecumenical Temple.
  8314 | D:7      | Reached skill level 9 in Conjurations
  8348 | Temple   | Entered the Ecumenical Temple
  8419 | Temple   | Became a worshipper of Gozag Ym Sagoz the Greedy
  8488 | D:7      | Reached XP level 9. HP: 55/65 MP: 1/16
  8559 | D:7      | Noticed Duvessa
  8559 | D:7      | Noticed Dowan
  8566 | D:7      | Killed Dowan
  8573 | D:7      | Killed Duvessa
  8612 | D:7      | Found a deep blue altar of Sif Muna.
  8699 | D:7      | Found a sand-covered staircase.
  8726 | Ossuary  | Entered an ossuary
  9450 | D:7      | Found Gorikkown's Weapon Boutique.
  9498 | D:7      | Reached skill level 10 in Conjurations
  9746 | D:7      | Reached skill level 1 in Evocations
 10250 | D:8      | Noticed Joseph
 10404 | D:8      | Killed Joseph
 10404 | D:8      | Reached skill level 5 in Fighting
 10794 | D:8      | Found a sacrificial altar of Ru.
 10795 | D:8      | Found a shadowy altar of Dithmenos.
 11520 | D:8      | Reached XP level 10. HP: 54/76 MP: 13/19
 11624 | D:8      | Found a bloodstained altar of Trog.
 11628 | D:8      | Found a shimmering altar of Xom.
 11925 | D:9      | Noticed a two-headed ogre
 11938 | D:9      | Killed a two-headed ogre
 12202 | D:9      | Found a hide-covered altar of Uskayaw.
 12316 | D:9      | Noticed a purple ugly thing
 12327 | D:9      | Killed a purple ugly thing
 12994 | D:9      | Found Bazimy's Gadget Shoppe.
 13145 | D:9      | Noticed a two-headed ogre
 13155 | D:9      | Killed a two-headed ogre
 13155 | D:9      | Reached skill level 11 in Conjurations
 13362 | D:9      | Bought a wand of paralysis (3) for 70 gold pieces
 13362 | D:9      | Bought a wand of acid (10) for 392 gold pieces
 13362 | D:9      | Bought a wand of acid (8) for 336 gold pieces
 13409 | D:9      | Reached XP level 11. HP: 69/84 MP: 0/21
 13599 | D:9      | Found a burning altar of Makhleb.
 13873 | D:10     | Entered Level 10 of the Dungeon
 14174 | D:10     | Killed an unseen horror
 14845 | D:10     | Reached skill level 12 in Conjurations
 15261 | D:10     | Found a staircase to the Lair.
 15663 | D:11     | Noticed Harold
 15801 | D:11     | Reached skill level 1 in Shields
 16005 | D:10     | Killed Harold
 16444 | D:11     | Reached skill level 5 in Evocations
 17047 | D:11     | Found a shimmering altar of Xom.
 17047 | D:11     | Found a sparkling altar of Nemelex Xobeh.
 17159 | D:11     | Noticed a hell knight
 17181 | D:11     | Killed a hell knight
 17225 | D:11     | Noticed an ettin
 17232 | D:11     | Killed an ettin
 17232 | D:11     | Reached XP level 12. HP: 36/92 MP: 18/24
 17402 | D:11     | Noticed a two-headed ogre
 17407 | D:11     | Killed a two-headed ogre
 18169 | D:11     | Found a staircase to the Orcish Mines.
 18261 | Lair:1   | Entered Level 1 of the Lair of Beasts
 18261 | Lair:1   | Noticed Nergalle
 18386 | Lair:1   | Killed Nergalle
 20774 | Lair:2   | Found a staircase to the Swamp.
 21112 | Lair:2   | Noticed a four-headed hydra
 21121 | Lair:2   | Killed a four-headed hydra
 21545 | Lair:2   | Noticed a catoblepas
 21565 | Lair:2   | Killed a catoblepas
 21733 | Lair:2   | Reached skill level 10 in Spellcasting
 22198 | Lair:3   | Reached skill level 13 in Conjurations
 22198 | Lair:3   | Gained mutation: You are in touch with the powers of death.
                  | [Mummy growth]
 22198 | Lair:3   | Reached XP level 13. HP: 79/101 MP: 18/27
 22253 | Lair:3   | Identified Sif Muna's Reference Book on Malediction
 22286 | Lair:3   | Learned a level 5 spell: Summon Mana Viper
 22351 | Lair:3   | Reached skill level 1 in Hexes
 22351 | Lair:3   | Reached skill level 1 in Summonings
 24571 | Lair:4   | Found a hole to the Spider Nest.
 26009 | Lair:5   | Reached skill level 5 in Hexes
 26329 | Lair:6   | Entered Level 6 of the Lair of Beasts
 26564 | Lair:6   | Reached skill level 5 in Summonings
 27869 | Lair:6   | Found a staircase to the Slime Pits.
 28099 | Lair:6   | Reached XP level 14. HP: 106/108 MP: 19/28
 29326 | Lair:6   | Reached skill level 10 in Fighting
 29789 | Lair:6   | Got a shadowed robe
 29790 | Lair:6   | Identified the +2 robe of Xitweqar {rF+ Dex+2} (You found
                  | it on level 6 of the Lair of Beasts)
 31112 | D:12     | Found Qeetadde's Antique Weapon Boutique.
 31395 | D:12     | Reached skill level 5 in Dodging
 32317 | D:13     | Found a radiant altar of Vehumet.
 32334 | D:13     | Noticed Rupert
 32349 | D:13     | Killed Rupert
 33912 | D:13     | Found a gate to the Vaults.
 34043 | D:14     | Found Serhigh's Antique Weapon Emporium.
 34347 | D:14     | Learned a level 1 spell: Apportation
 34714 | D:14     | Reached skill level 1 in Translocations
 34925 | D:14     | Found Enylowk's Antique Armour Shoppe.
 34928 | D:14     | Bought an ichor-stained leather armour for 294 gold pieces
 34928 | D:14     | Bought a transparent helmet for 399 gold pieces
 34928 | D:14     | Identified a scroll of acquirement
 34947 | D:14     | Identified the +1 helmet "Kidu" {rPois Slay+2} (You bought
                  | it in a shop on level 14 of the Dungeon)
 34958 | D:14     | Identified the +6 leather armour "Gexil" {+Inv rC+ Slay+2}
                  | (You bought it in a shop on level 14 of the Dungeon)
 34998 | D:14     | Found Xecwigeu's Weapon Shoppe.
 35143 | D:14     | Found Seratt's Gadget Boutique.
 35232 | D:14     | Found a hide-covered altar of Uskayaw.
 35502 | D:14     | Found Suxkioti's Food Shop.
 35621 | D:15     | Entered Level 15 of the Dungeon
 35944 | D:15     | Found a large runed translucent door.
 35944 | D:15     | Noticed a stone giant
 36068 | D:14     | Killed a stone giant
 36068 | D:14     | Reached skill level 1 in Armour
 36171 | D:15     | Reached XP level 15. HP: 75/117 MP: 25/30
 37462 | D:15     | Found a staircase to the Depths.
 37462 | D:15     | Noticed a frost giant
 37704 | D:15     | Found a large runed translucent door.
 37909 | D:15     | Killed a frost giant
 38118 | D:15     | Found an iron altar of Okawaru.
 38118 | D:15     | Noticed a tengu reaver
 38131 | D:15     | Killed a tengu reaver
 38191 | D:15     | Found a glowing golden altar of the Shining One.
 38299 | D:15     | Upgraded the game from 0.23-b1-67-g8bd44de8e4 to
                  | 0.23-b1-75-g379dba2534
 38461 | Orc:1    | Entered Level 1 of the Orcish Mines
 38471 | Orc:1    | Noticed Maurice
 38481 | Orc:1    | Killed Maurice
 38684 | Orc:1    | Noticed Snorg
 38692 | Orc:1    | Killed Snorg
 38745 | Orc:1    | Found a dark tunnel.
 38839 | Volcano  | Entered a volcano
 39443 | Orc:1    | Found a bloodstained altar of Trog.
 39773 | Orc:2    | Entered Level 2 of the Orcish Mines
 39791 | Orc:2    | Found a roughly hewn altar of Beogh.
 39990 | Orc:2    | Paralysed by an orc sorcerer for 6 turns
 40003 | Orc:2    | Found a roughly hewn altar of Beogh.
 40020 | Orc:2    | Found Xeat's Assorted Antiques.
 40030 | Orc:2    | Bought a scroll of enchant armour for 255 gold pieces
 40240 | Orc:2    | Found a runed translucent door.
 40250 | Orc:2    | Noticed ialwaysloseit's ghost (journeyman DECj)
 40262 | Orc:2    | Killed ialwaysloseit's ghost
 40318 | Orc:2    | Found a staircase to the Elven Halls.
 40731 | Orc:2    | Found a roughly hewn altar of Beogh.
 40744 | Orc:2    | Found Musm's General Store.
 40778 | Orc:2    | Bought a scroll of teleportation for 48 gold pieces
 40778 | Orc:2    | Bought a scroll of enchant weapon for 120 gold pieces
 40778 | Orc:2    | Bought a scroll of teleportation for 48 gold pieces
 40886 | Orc:2    | Reached skill level 14 in Conjurations
 41085 | Orc:2    | Noticed an orc warlord
 41122 | Orc:2    | Killed an orc warlord
 41253 | Orc:2    | Found Zarais's Antique Armour Shop.
 41256 | Orc:2    | Found a roughly hewn altar of Beogh.
 41256 | Orc:2    | Found Vighaomi's Antique Weapon Boutique.
 41264 | Orc:2    | Bought a pair of runed boots for 217 gold pieces
 41274 | Orc:2    | Identified a +1 pair of boots of running (You bought it in
                  | a shop on level 2 of the Orcish Mines)
 41319 | Orc:2    | Found a roughly hewn altar of Beogh.
 41489 | Swamp:1  | Entered Level 1 of the Swamp
 44323 | Swamp:3  | Reached XP level 16. HP: 116/127 MP: 23/31
 44475 | Swamp:3  | Noticed Nikola
 44490 | Swamp:3  | Killed Nikola
 44497 | Swamp:3  | Found a runed translucent door.
 44501 | Swamp:3  | Identified the +2 spear of Change {freeze, rC+ Str+2}
 44501 | Swamp:3  | Noticed reggie's ghost (journeyman DrWz)
 45387 | Swamp:4  | Entered Level 4 of the Swamp
 45387 | Swamp:4  | Noticed a thorn hunter
 45387 | Swamp:4  | Noticed a thorn hunter
 45545 | Swamp:3  | Killed a thorn hunter
 45663 | Swamp:3  | Killed a thorn hunter
 46336 | Swamp:3  | Reached skill level 5 in Armour
 47875 | Swamp:4  | Got a decaying rune of Zot
 48422 | Vaults:1 | Entered Level 1 of the Vaults
 49035 | Vaults:1 | Found Ynyeps's Distillery.
 49087 | Vaults:1 | Noticed a Brimstone Fiend
 49313 | Vaults:1 | Noticed a Hell Sentinel
 49408 | Vaults:1 | Reached skill level 10 in Summonings
 49550 | Vaults:1 | Learned a level 7 spell: Orb of Destruction
 51435 | Vaults:1 | Learned a level 7 spell: Spellforged Servitor
 51986 | Elf:1    | Entered Level 1 of the Elven Halls
 52511 | Orc:2    | Cast into level 3 of the Abyss (a deep elf sorcerer)
 52533 | Abyss:3  | Noticed a lich
 52705 | Abyss:3  | Noticed a tentacled starspawn
 52824 | Abyss:3  | Noticed a tentacled starspawn
 52828 | Abyss:3  | Killed a tentacled starspawn
 52828 | Abyss:3  | Reached XP level 17. HP: 92/136 MP: 2/33
 53026 | Abyss:3  | Found a corrupted altar of Lugonu.
 53170 | Abyss:4  | Reached skill level 15 in Conjurations
 53206 | Orc:2    | Escaped the Abyss
 55074 | Elf:1    | Bought an uncursed ring of protection from fire for 450
                  | gold pieces
 55085 | Elf:1    | Bought a book of Transfigurations for 1045 gold pieces
 55085 | Elf:1    | Bought a manual of Summonings for 2097 gold pieces
 55250 | Elf:2    | Found a runed translucent gate.
 55252 | Elf:2    | Found a runed translucent gate.
 55285 | Elf:2    | Found a runed translucent gate.
 57195 | Spider:1 | Entered Level 1 of the Spider Nest
 58237 | Spider:1 | Noticed Louise
 58385 | Spider:1 | Killed Louise
 58656 | Spider:1 | Reached skill level 16 in Conjurations
 59896 | Spider:2 | HP: 2/136 [wolf spider (5)]
 59899 | Spider:2 | Demolished by a wolf spider

Skill      XL: |  1  2  3  4  5  6  7  8  9 10 11 12 13 14 15 16 17 |
---------------+----------------------------------------------------+-----
Spellcasting   | 3 4 5 6 7 8 10 11 12 | 12.0
Fighting       | 1 2 3 4 5 7 8 9 10 12 13 | 13.0
Dodging        | 2 4 6 7 |  7.0
Conjurations   | 4 5 7 9 10 11 12 13 14 16 | 16.0
Evocations     | 2 4 5 7 8 |  8.0
Shields        | 3 4 |  4.0
Hexes          | 7 |  7.0
Summonings     | 5 7 9 10 12 | 12.7
Translocations | 1 2 |  2.0
Armour         | 1 4 5 7 |  7.0
Stealth        | |  1.5

Action                   |  1- 3 |  4- 6 |  7- 9 | 10-12 | 13-15 | 16-18 || total
-------------------------+-------+-------+-------+-------+-------+-------++-------
Melee: Hand axe          |    17 |    48 |    64 |       |       |       ||   129
       Scimitar          |       |       |    13 |    87 |   610 |   684 ||  1394
       Rapier            |       |       |    13 |       |       |       ||    13
       Dagger            |       |       |       |       |       |   125 ||   125
 Cast: Magic Dart        |    97 |   191 |    82 |   169 |   135 |     4 ||   678
       Searing Ray       |       |     7 |    94 |   194 |   196 |       ||   491
       Dazzling Spray    |       |       |     2 |     6 |    20 |     1 ||    29
       Summon Mana Viper |       |       |       |       |   336 |   393 ||   729
       Spellforged Servi |       |       |       |       |       |     3 ||     3
       Orb of Destructio |       |       |       |       |       |     5 ||     5
Invok: Potion Petition   |       |       |     1 |       |       |     4 ||     5
       Call Merchant     |       |       |       |       |       |     3 ||     3
 Abil: Evoke Invisibilit |       |       |       |       |       |    25 ||    25
Evoke: Wand              |       |       |     6 |    26 |    15 |     5 ||    52
       Crystal ball of e |       |       |       |     1 |       |     1 ||     2
       Lamp of fire      |       |       |       |       |     2 |       ||     2
       Lightning rod     |       |       |       |       |     1 |       ||     1
  Use: Scroll            |       |     6 |     8 |     1 |    13 |    20 ||    48
 Stab: Sleeping          |       |       |       |     1 |       |       ||     1
       Distracted        |       |       |       |       |     8 |    11 ||    19
       Invisible         |       |       |       |       |       |    24 ||    24
Armor: Robe              |     1 |    13 |    57 |   161 |   208 |       ||   440
       Leather armour    |       |       |       |       |   191 |   607 ||   798
Dodge: Dodged            |    16 |    63 |   217 |   501 |   962 |  1109 ||  2868
Block: Buckler           |       |       |       |    95 |   342 |   390 ||   827
       Rpst.: Scimitar   |       |       |     5 |   124 |   234 |   198 ||   561
